TOP OF THE 1ST |
Las Vegas Stars batting - Pitching for Albuquerque Isotopes : RHP Raúl Ruíz
|
Pitching: RHP Raúl Ruíz
|
|
Batting: LHB Diego Torres
|
0-0: SOLO HOME RUN (Flyball, 89XD), Distance : 391 ft
|
Batting: RHB Ron Shelton
|
0-0: Ball 1-0: Called Strike 1-1: Ball 2-1: Called Strike 2-2: Strikes out looking
|
Batting: RHB Matthieu Vancini
|
0-0: Ball 1-0: Ball 2-0: Ball 3-0: Foul Ball, location: 2F 3-1: Swinging Strike 3-2: SINGLE (Groundball, 6D)
|
Batting: SHB Sloan James
|
0-0: Ball 1-0: Ball 2-0: Foul Ball, location: 2F 2-1: Called Strike 2-2: Foul Ball, location: 2F 2-2: SINGLE (Groundball, 4MD) Matthieu Vancini to second Runner from 2nd tries for 3rd, SAFE, throw made to third
|
Batting: RHB Douglas Davis
|
0-0: Ball 1-0: SINGLE (Flyball, 89S) Matthieu Vancini scores Sloan James to second
|
Batting: LHB Fernando De La Cruz
|
0-0: Ball Wild Pitch! Sloan James to third Douglas Davis to second 1-0: Ball 2-0: Called Strike 2-1: Foul Ball, location: 2F 2-2: Foul Ball, location: 2F 2-2: Strikes out looking
|
Batting: RHB Brendan Vigors
|
0-0: Ball 1-0: Ball 2-0: Fly out, F5 (Popup, 56)
|
Top of the 1st over - 2 run(s), 4 hit(s), 0 error(s), 2 left on base; Las Vegas 2 - Albuquerque 0 |
BOTTOM OF THE 1ST |
Albuquerque Isotopes batting - Pitching for Las Vegas Stars : RHP Dema Mitenkov
|
Pitching: RHP Dema Mitenkov
|
|
Batting: RHB Alfonso Huertas
|
0-0: Ball 1-0: Foul Ball, location: 2F 1-1: Foul Ball, location: 2F 1-2: Ball 2-2: Ball 3-2: Base on Balls
|
Batting: RHB Juan Vareas
|
0-0: Ball 1-0: Called Strike 1-1: Called Strike 1-2: Fielders Choice at 2nd, 6-4 (Groundball, 6)
|
Batting: SHB Lee Townsend
|
0-0: Called Strike 0-1: Fly out, F8 (Flyball, 8RXD)
|
Batting: LHB Mark Vestal
|
0-0: DOUBLE (Groundball, 5L) Juan Vareas to third Runner from 3rd tries for Home, SAFE, no throw or cutoff
|
Batting: LHB Bernardo Montés
|
0-0: Called Strike 0-1: Foul Ball, location: 2F 0-2: Ball 1-2: Ground out 4-3 (Groundball, 4M)
|
Bottom of the 1st over - 1 run(s), 1 hit(s), 0 error(s), 1 left on base; Las Vegas 2 - Albuquerque 1 |
TOP OF THE 2ND |
Las Vegas Stars batting - Pitching for Albuquerque Isotopes : RHP Raúl Ruíz
|
Batting: RHB Ryan Campbell
|
0-0: Ground out 5-3 (Groundball, 56)
|
Batting: RHB Brian George
|
0-0: Ball 1-0: Called Strike 1-1: Ball 2-1: Ball 3-1: SINGLE (Line Drive, 56)
|
Batting: LHB Diego Torres
|
0-0: Ball 1-0: Ball 2-0: Fly out, F7 (Flyball, 78M)
|
Batting: RHB Ron Shelton
|
0-0: Ball 1-0: Called Strike 1-1: Foul Ball, location: 2F 1-2: Foul Ball, location: 2F 1-2: Ball 2-2: Ground out 1-3 (Groundball, 25)
|
Top of the 2nd over - 0 run(s), 1 hit(s), 0 error(s), 1 left on base; Las Vegas 2 - Albuquerque 1 |
BOTTOM OF THE 2ND |
Albuquerque Isotopes batting - Pitching for Las Vegas Stars : RHP Dema Mitenkov
|
Batting: RHB Arturo García
|
0-0: Called Strike 0-1: Ball 1-1: Called Strike 1-2: Strikes out swinging
|
Batting: RHB Juan Alberto
|
0-0: Called Strike 0-1: Fly out, F4 (Popup, 4D)
|
Batting: RHB Luis Martínez
|
0-0: Ball 1-0: Foul Ball, location: 2F 1-1: Ball 2-1: Foul Ball, location: 2F 2-2: Ground out 6-3 (Groundball, 6)
|
Bottom of the 2nd over - 0 run(s), 0 hit(s), 0 error(s), 0 left on base; Las Vegas 2 - Albuquerque 1 |
TOP OF THE 3RD |
Las Vegas Stars batting - Pitching for Albuquerque Isotopes : RHP Raúl Ruíz
|
Batting: RHB Matthieu Vancini
|
0-0: Ball 1-0: Ball 2-0: Called Strike 2-1: Fly out, F7 (Flyball, 78M)
|
Batting: SHB Sloan James
|
0-0: Ball 1-0: Ball 2-0: Ball 3-0: Swinging Strike 3-1: Swinging Strike 3-2: Foul Ball, location: 2F 3-2: Foul Ball, location: 2F 3-2: Foul Ball, location: 2F 3-2: Strikes out swinging
|
Batting: RHB Douglas Davis
|
0-0: Ground out 4-3 (Groundball, 4)
|
Top of the 3rd over - 0 run(s), 0 hit(s), 0 error(s), 0 left on base; Las Vegas 2 - Albuquerque 1 |
BOTTOM OF THE 3RD |
Albuquerque Isotopes batting - Pitching for Las Vegas Stars : RHP Dema Mitenkov
|
Batting: LHB António De Los Ángeles
|
0-0: Fly out, F7 (Flyball, 7S)
|
Batting: RHB Alfonso Huertas
|
0-0: Foul Ball, location: 2F 0-1: Ball 1-1: Swinging Strike 1-2: Strikes out looking
|
Batting: RHB Juan Vareas
|
0-0: Ball 1-0: Ball 2-0: Foul Ball, location: 2F 2-1: Swinging Strike 2-2: Ball 3-2: Strikes out looking
|
Bottom of the 3rd over - 0 run(s), 0 hit(s), 0 error(s), 0 left on base; Las Vegas 2 - Albuquerque 1 |
TOP OF THE 4TH |
Las Vegas Stars batting - Pitching for Albuquerque Isotopes : RHP Raúl Ruíz
|
Batting: LHB Fernando De La Cruz
|
0-0: Foul Ball, location: 2F 0-1: Foul Ball, location: 2F 0-2: Ball 1-2: Ball 2-2: Ball 3-2: SINGLE (Groundball, 34D)
|
Batting: RHB Brendan Vigors
|
0-0: Ball 1-0: Swinging Strike 1-1: Called Strike 1-2: Ball 2-2: Ball 3-2: Foul Ball, location: 2F 3-2: Base on Balls Fernando De La Cruz to second
|
Batting: RHB Ryan Campbell
|
0-0: Ball 1-0: Swinging Strike 1-1: Foul Ball, location: 2F 1-2: Ball 2-2: SINGLE (Line Drive, 8LS) Fernando De La Cruz to third Brendan Vigors to second
|
Batting: RHB Brian George
|
0-0: Foul Ball, location: 2F 0-1: Ball 1-1: Swinging Strike 1-2: Ball 2-2: Ball 3-2: Fly out, F8 (Flyball, 8LXD) Runner from 3rd tags up, SCORES, no throw Brendan Vigors to third
|
Batting: LHB Diego Torres
|
0-0: Fielders Choice at 2nd, U4 (Groundball, 4M) Brendan Vigors scores
|
Batting: RHB Ron Shelton
|
0-0: Ball 1-0: Swinging Strike 1-1: Ball 2-1: Fly out, F9 (Flyball, 89S)
|
Top of the 4th over - 2 run(s), 2 hit(s), 0 error(s), 1 left on base; Las Vegas 4 - Albuquerque 1 |
BOTTOM OF THE 4TH |
Albuquerque Isotopes batting - Pitching for Las Vegas Stars : RHP Dema Mitenkov
|
Batting: SHB Lee Townsend
|
0-0: Ball 1-0: Ball 2-0: SINGLE (Groundball, 34D)
|
Batting: LHB Mark Vestal
|
0-0: Ball 1-0: Fly out, F4 (Popup, 4MD)
|
Batting: LHB Bernardo Montés
|
0-0: Called Strike Lee Townsend is caught stealing 2nd base 0-1: Ball 1-1: Ball 2-1: Foul Ball, location: 2F 2-2: Fly out, F1 (Line Drive, 15)
|
Bottom of the 4th over - 0 run(s), 1 hit(s), 0 error(s), 0 left on base; Las Vegas 4 - Albuquerque 1 |
TOP OF THE 5TH |
Las Vegas Stars batting - Pitching for Albuquerque Isotopes : RHP Raúl Ruíz
|
Pitching: RHP Rafael Trujillo
|
|
Batting: RHB Matthieu Vancini
|
0-0: Fly out, F2 (Popup, 2RF)
|
Batting: SHB Sloan James
|
0-0: Called Strike 0-1: Ball 1-1: Called Strike 1-2: Ball 2-2: Ball 3-2: Foul Ball, location: 2F 3-2: Base on Balls
|
Batting: RHB Douglas Davis
|
0-0: Swinging Strike 0-1: Ball 1-1: Grounds into double play, 6-4-3 (Groundball, 6)
|
Top of the 5th over - 0 run(s), 0 hit(s), 0 error(s), 0 left on base; Las Vegas 4 - Albuquerque 1 |
BOTTOM OF THE 5TH |
Albuquerque Isotopes batting - Pitching for Las Vegas Stars : RHP Dema Mitenkov
|
Batting: RHB Arturo García
|
0-0: Ball 1-0: Called Strike 1-1: DOUBLE (Groundball, 3D)
|
Batting: RHB Juan Alberto
|
0-0: Ball 1-0: Swinging Strike 1-1: SINGLE (Groundball, 56D) Arturo García to third
|
Batting: RHB Luis Martínez
|
0-0: Called Strike 0-1: Swinging Strike 0-2: Ball 1-2: Ball 2-2: Strikes out looking
|
Batting: LHB António De Los Ángeles
|
0-0: Foul Ball, location: 2F 0-1: Grounds into double play, 4-6-3 (Groundball, 34)
|
Bottom of the 5th over - 0 run(s), 2 hit(s), 0 error(s), 1 left on base; Las Vegas 4 - Albuquerque 1 |
TOP OF THE 6TH |
Las Vegas Stars batting - Pitching for Albuquerque Isotopes : RHP Rafael Trujillo
|
Batting: LHB Fernando De La Cruz
|
0-0: Foul Ball, location: 2F 0-1: Ground out 4-3 (Groundball, 4)
|
Batting: RHB Brendan Vigors
|
0-0: Ball 1-0: Called Strike 1-1: Ball 2-1: Ground out 5-3 (Groundball, 56)
|
Batting: RHB Ryan Campbell
|
0-0: Ball 1-0: Called Strike 1-1: Ball 2-1: Ball 3-1: Base on Balls
|
Batting: RHB Brian George
|
0-0: Foul Ball, location: 2F 0-1: Foul Ball, location: 2F 0-2: Fly out, F2 (Popup, 2LF)
|
Top of the 6th over - 0 run(s), 0 hit(s), 0 error(s), 1 left on base; Las Vegas 4 - Albuquerque 1 |
BOTTOM OF THE 6TH |
Albuquerque Isotopes batting - Pitching for Las Vegas Stars : RHP Dema Mitenkov
|
Batting: RHB Alfonso Huertas
|
0-0: Ball 1-0: Swinging Strike 1-1: Ball 2-1: Ground out 1-3 (Groundball, 13)
|
Batting: RHB Juan Vareas
|
0-0: Foul Ball, location: 2F 0-1: Called Strike 0-2: Strikes out swinging
|
Batting: SHB Lee Townsend
|
0-0: Ground out U3 (Groundball, 3S)
|
Bottom of the 6th over - 0 run(s), 0 hit(s), 0 error(s), 0 left on base; Las Vegas 4 - Albuquerque 1 |
TOP OF THE 7TH |
Las Vegas Stars batting - Pitching for Albuquerque Isotopes : RHP Rafael Trujillo
|
Pitching: RHP Cory Lowe
|
|
Batting: LHB Diego Torres
|
0-0: Called Strike 0-1: Ball 1-1: Fly out, F7 (Flyball, 7M)
|
Batting: RHB Ron Shelton
|
0-0: Ball 1-0: Ball 2-0: Called Strike 2-1: Called Strike 2-2: Foul Ball, location: 2F 2-2: Foul Ball, location: 2F 2-2: Strikes out looking
|
Batting: RHB Matthieu Vancini
|
0-0: Ground out 1-3 (Groundball, 13S)
|
Top of the 7th over - 0 run(s), 0 hit(s), 0 error(s), 0 left on base; Las Vegas 4 - Albuquerque 1 |
BOTTOM OF THE 7TH |
Albuquerque Isotopes batting - Pitching for Las Vegas Stars : RHP Dema Mitenkov
|
Batting: LHB Mark Vestal
|
0-0: Ball 1-0: Ball 2-0: Called Strike 2-1: Swinging Strike 2-2: Foul Ball, location: 2F 2-2: Strikes out looking
|
Batting: LHB Bernardo Montés
|
0-0: Called Strike 0-1: Called Strike 0-2: Strikes out looking
|
Batting: RHB Arturo García
|
0-0: Called Strike 0-1: Foul Ball, location: 2F 0-2: Ball 1-2: Ball 2-2: Foul Ball, location: 2F 2-2: Ball 3-2: Base on Balls
|
Batting: RHB Juan Alberto
|
0-0: Ball 1-0: Foul Ball, location: 2F 1-1: Ball 2-1: Ball 3-1: Fielders Choice at 2nd, 5-4 (Groundball, 56)
|
Bottom of the 7th over - 0 run(s), 0 hit(s), 0 error(s), 0 left on base; Las Vegas 4 - Albuquerque 1 |
TOP OF THE 8TH |
Las Vegas Stars batting - Pitching for Albuquerque Isotopes : RHP Cory Lowe
|
Batting: SHB Sloan James
|
0-0: Called Strike 0-1: Ball 1-1: Fly out, F7 (Flyball, 78S)
|
Batting: RHB Douglas Davis
|
0-0: Ball 1-0: Ball 2-0: Called Strike 2-1: Swinging Strike 2-2: Ball 3-2: Strikes out looking
|
Batting: LHB Fernando De La Cruz
|
0-0: Ball 1-0: Swinging Strike 1-1: Ball 2-1: Ball 3-1: Base on Balls
|
Batting: RHB Brendan Vigors
|
0-0: Ball 1-0: Foul Ball, location: 2F Pickoff Throw to First - Out!
|
Top of the 8th over - 0 run(s), 0 hit(s), 0 error(s), 0 left on base; Las Vegas 4 - Albuquerque 1 |
BOTTOM OF THE 8TH |
Albuquerque Isotopes batting - Pitching for Las Vegas Stars : RHP Dema Mitenkov
|
Batting: RHB Luis Martínez
|
0-0: Foul Ball, location: 2F 0-1: Ball 1-1: Foul Ball, location: 2F 1-2: Ball 2-2: Foul Ball, location: 2F 2-2: Foul Ball, location: 2F 2-2: Ball 3-2: Foul Ball, location: 2F 3-2: DOUBLE (Flyball, 7D)
|
Pitching: LHP Stu Creichton
|
|
Batting: LHB António De Los Ángeles
|
0-0: SINGLE (Groundball, 6M) Luis Martínez to third Runner from 3rd tries for Home, SAFE, throw made home
|
Pitching: RHP Luis Antonio Martínez
|
|
Batting: RHB Alfonso Huertas
|
0-0: Ball 1-0: Called Strike 1-1: Fly out, F8 (Flyball, 78M)
|
Batting: RHB Juan Vareas
|
0-0: Ball 1-0: Ball 2-0: Called Strike 2-1: SINGLE (Flyball, 9LS) António De Los Ángeles to second Runner from 2nd tries for 3rd, SAFE, throw made to third
|
Pitching: LHP Jeff Catron
|
|
Batting: SHB Lee Townsend
|
0-0: Ball 1-0: Fielders Choice at 2nd, 1-6 (Groundball, 13)
|
Batting: LHB Mark Vestal
|
0-0: Called Strike 0-1: Ball 1-1: DOUBLE (Flyball, 89XD) António De Los Ángeles scores Lee Townsend to third Runner from 3rd tries for Home, SAFE, no throw or cutoff
|
Batting: LHB Bernardo Montés
|
0-0: Ball 1-0: Ball 2-0: Foul Ball, location: 2F 2-1: Foul Ball, location: 2F 2-2: Strikes out swinging
|
Bottom of the 8th over - 3 run(s), 4 hit(s), 0 error(s), 1 left on base; Las Vegas 4 - Albuquerque 4 |
TOP OF THE 9TH |
Las Vegas Stars batting - Pitching for Albuquerque Isotopes : RHP Cory Lowe
|
Pitching: RHP Manny Muñóz
|
|
Batting: RHB Brendan Vigors
|
0-0: Ball 1-0: Foul Ball, location: 2F 1-1: Called Strike 1-2: Ball 2-2: Strikes out swinging
|
Batting: RHB Ryan Campbell
|
0-0: Swinging Strike 0-1: Ball 1-1: Foul Ball, location: 2F 1-2: Ball 2-2: Strikes out looking
|
Batting: RHB Brian George
|
0-0: Ball 1-0: Called Strike 1-1: Ball 2-1: Foul Ball, location: 2F 2-2: Ball 3-2: Foul Ball, location: 2F 3-2: Foul Ball, location: 2F 3-2: Foul Ball, location: 2F 3-2: Fly out, F6 (Line Drive, 56)
|
Top of the 9th over - 0 run(s), 0 hit(s), 0 error(s), 0 left on base; Las Vegas 4 - Albuquerque 4 |
BOTTOM OF THE 9TH |
Albuquerque Isotopes batting - Pitching for Las Vegas Stars : LHP Jeff Catron
|
Batting: RHB Arturo García
|
0-0: Called Strike 0-1: Ball 1-1: Swinging Strike 1-2: Strikes out swinging
|
Batting: RHB Juan Alberto
|
0-0: Ball 1-0: Ball 2-0: Called Strike 2-1: Called Strike 2-2: Ball 3-2: Base on Balls
|
Pinch Hitting: RHB Cristián Herrera
|
0-0: Grounds into double play, 4-6-3 (Groundball, 4)
|
Bottom of the 9th over - 0 run(s), 0 hit(s), 0 error(s), 0 left on base; Las Vegas 4 - Albuquerque 4 |
TOP OF THE 10TH |
Las Vegas Stars batting - Pitching for Albuquerque Isotopes : RHP Manny Muñóz
|
Now at SS: Wilson Gonzáles
|
|
Batting: LHB Diego Torres
|
0-0: Swinging Strike 0-1: Ball 1-1: Ball 2-1: Ball 3-1: Swinging Strike 3-2: Base on Balls
|
Batting: RHB Ron Shelton
|
0-0: Ball 1-0: Ball 2-0: Sac Bunt - play at first, batter OUT! 1-4 Diego Torres to second
|
Batting: RHB Matthieu Vancini
|
0-0: Foul Ball, location: 2F 0-1: Ball Wild Pitch! Diego Torres to third 1-1: Ground out 4-3 (Groundball, 4M)
|
Batting: SHB Sloan James
|
0-0: Reached on error, E6 (Groundball, 6M) Diego Torres scores
|
Pinch Hitting: LHB Henry Leroux
|
0-0: SINGLE (Line Drive, 56) Sloan James to second
|
Batting: LHB Fernando De La Cruz
|
0-0: Swinging Strike 0-1: Ball 1-1: Foul Ball, location: 2F 1-2: Foul Ball, location: 2F 1-2: Ball 2-2: Ball 3-2: Fly out, F8 (Line Drive, 8RD)
|
Top of the 10th over - 1 run(s), 1 hit(s), 1 error(s), 2 left on base; Las Vegas 5 - Albuquerque 4 |
|